Map: 나이트쉐이드 - 래더

Players

PartinG

  • Race: Protoss Protoss
  • Spawn Location: 11:00

Stats - Winner!

  • Race: Protoss Protoss
  • Spawn Location: 5:00

Event: IEM Katowice 2020

VOD

Have the link to the VOD?

Description

Time

  • Played on: Feb. 27, 2020, 8:06 a.m.
  • Length: 8:16

All games in this series

Show
View Real Time Build Order
Export as new Build Order

PartinG Protoss 

Build Orders:  

Get SALT Encoding   

  12  0:00  Probe  
  13  0:12  Probe  
  14  0:19  Pylon  
  14  0:25  Probe (Chrono Boost)  
  15  0:37  Probe (Chrono Boost)  
  15  0:38  Gateway  
  16  0:45  Probe (Chrono Boost)  
  16  0:46  Assimilator  
  17  0:51  Probe  
  17  0:54  Assimilator  
  18  1:03  Probe (Chrono Boost)  
  19  1:07  Gateway  
  19  1:13  Probe (Chrono Boost)  
  19  1:18  Probe  
  21  1:25  Cybernetics Core  
  21  1:30  Probe  
  22  1:33  Pylon  
  22  1:42  Probe  
  22  1:44  Pylon  
  23  1:59  Warp Gate (Chrono Boost)  
  23  2:01  Stalker  
  23  2:07  Gateway  
  25  2:10  Stalker  
  25  2:14  Probe  
  28  2:31  Stalker  
  30  2:40  Stalker  
  30  3:07  Pylon  
  29  3:18  Shield Battery  
  29  3:21  Shield Battery  
  29  3:25  Nexus  
  29  3:33  Stalker x3  
  35  3:38  Probe  
  36  3:43  Shield Battery  
  36  3:57  Stalker x2  
  36  4:13  Stalker  
  36  4:17  Twilight Council  
  36  4:19  Probe  
  37  4:27  Sentry x2  
  39  4:37  Stalker  
  37  4:38  Probe (Chrono Boost)  
  37  4:41  Probe (Chrono Boost)  
  37  4:45  Blink (Chrono Boost)  
  39  4:50  Probe (Chrono Boost)  
  41  4:56  Probe (Chrono Boost)  
  41  4:57  Probe (Chrono Boost)  
  42  5:03  Probe  
  42  5:04  Stalker  
  45  5:08  Probe  
  45  5:12  Sentry  
  48  5:19  Shield Battery  
  48  5:21  Shield Battery  
  48  5:28  Gateway  
  48  5:34  Stalker  
  44  5:35  Stalker  
  44  5:39  Probe x2  
  48  5:57  Stalker  
  48  5:59  Sentry  
  52  6:04  Shield Battery  
  52  6:05  Shield Battery  
  52  6:10  Pylon  
  46  6:22  Stalker x2  
  45  6:31  Stalker  
  46  6:34  Gateway  
  46  6:36  Gateway  
  46  6:38  Pylon  
  46  6:39  Pylon  
  46  6:56  Pylon  
  46  6:57  Pylon  
  46  7:01  Stalker x3  
  47  7:25  Sentry  
  47  7:26  Stalker  
  51  7:30  Nexus  
  51  7:46  Stalker x2  
  55  8:00  Stalker  
Show
View Real Time Build Order
Export as new Build Order

Stats Protoss - Winner!

Build Orders:  

Get SALT Encoding   

  12  0:00  Probe  
  13  0:13  Probe  
  14  0:17  Pylon  
  14  0:25  Probe (Chrono Boost)  
  15  0:37  Probe (Chrono Boost), Gateway  
  16  0:45  Probe (Chrono Boost)  
  16  0:46  Assimilator  
  17  0:51  Probe  
  17  0:54  Assimilator  
  18  1:03  Probe (Chrono Boost)  
  19  1:09  Gateway  
  19  1:14  Probe (Chrono Boost)  
  20  1:19  Probe (Chrono Boost)  
  20  1:24  Cybernetics Core  
  21  1:29  Probe  
  22  1:35  Pylon  
  22  1:42  Probe  
  23  1:54  Probe  
  24  2:00  Warp Gate, Stalker x2  
  28  2:13  Pylon  
  28  2:23  Shield Battery  
  28  2:25  Robotics Facility  
  28  2:35  Adept x2  
  32  2:42  Shield Battery  
  30  3:11  Nexus  
  30  3:16  Immortal (Chrono Boost)  
  34  3:38  Pylon  
  34  3:50  Sentry x2  
  34  3:54  Pylon  
  38  4:04  Warp Prism (Chrono Boost)  
  38  4:15  Stalker x2  
  42  4:19  Shield Battery  
  42  4:32  Immortal (Chrono Boost)  
  42  4:46  Sentry x2  
  42  4:50  Probe x2  
  48  5:04  Probe x2  
  48  5:05  Observer  
  51  5:10  Stalker x2  
  55  5:21  Probe x2  
  55  5:24  Pylon  
  57  5:37  Adept x2  
  57  5:39  Probe (Chrono Boost)  
  57  5:42  Probe (Chrono Boost), Observer  
  64  5:49  Pylon  
  65  5:51  Probe (Chrono Boost)  
  65  5:53  Probe (Chrono Boost)  
  66  6:01  Adept x2  
  64  6:23  Probe x2  
  64  6:26  Immortal (Chrono Boost), Stalker x2  
  72  6:35  Probe x2  
  72  6:37  Shield Battery  
  74  6:41  Observer  
  74  6:42  Pylon  
  74  6:47  Probe x2  
  76  6:59  Stalker x2  
  78  7:01  Twilight Council  
  78  7:03  Probe x2  
  78  7:07  Warp Prism (Chrono Boost)  
  80  7:15  Pylon  
  82  7:20  Gateway  
  82  7:21  Gateway  
  82  7:25  Stalker x2  
  86  7:42  Immortal (Chrono Boost)  
  86  7:47  Pylon  
  86  7:48  Assimilator  
  86  7:50  Assimilator  
  90  7:55  Adept x2  
  93  8:09  Pylon  

Tags
 
Add a new tag
Caveats
  • Supply blocks, unpowered buildings, or Contaminate may cause inaccurate times.
  • Supply counts are checked every 10 seconds.